 Dungeon Crawl Stone Soup version 0.29-a0-266-gf56f883ddd (webtiles) character file.

Game seed: 17730235251007783326

39 bande the Covered (level 3, -2/24 HPs)
             Began as a Gargoyle Fighter on Mar 7, 2022.
             Killed from afar by Jessica (5 damage)
             ... with a puff of flame
             ... on level 2 of the Dungeon.
             The game lasted 00:01:50 (1192 turns).

bande the Covered (Gargoyle Fighter)                Turns: 1192, Time: 00:01:51

Health: -2/24      AC: 10    Str: 19    XL:     3   Next: 47%
Magic:  3/3        EV:  9    Int:  8    God:
Gold:   12         SH:  4    Dex: 11    Spells: 2/2 levels left

rFire   . . .      SeeInvis .   m - +2 hand axe (holy)
rCold   . . .      Faith    .   c - +0 buckler
rNeg    + . .      Spirit   .   b - +0 scale mail
rPois   ∞          Reflect  .   (no helmet)
rElec   +          Harm     .   (no cloak)
rCorr   .          Rampage  .   (no gloves)
Will    .....                   (no boots)
Stlth   ..........              (no amulet)
HPRegen 0.08/turn               (no ring)
MPRegen 0.08/turn               (no ring)

@: no status effects
A: sickness immunity, AC +3, negative energy resistance 1, electricity
resistance, torment resistance 1, petrification resistance
a: no special abilities


You were on level 2 of the Dungeon.
You visited 1 branch of the dungeon, and saw 2 of its levels.

You collected 12 gold pieces.

Inventory:

Hand Weapons
 a - a +0 war axe of freezing
 m - a +2 hand axe of holy wrath (weapon)
Armour
 b - a +0 scale mail (worn)
 c - a +0 buckler (worn)
Potions
 d - a potion of might
 j - a potion of flight {unknown}
 l - 2 potions of curing


   Skills:
 + Level 3.7 Fighting
 + Level 2.2 Axes
 + Level 3.8 Armour
 + Level 3.6 Shields


You had 2 spell levels left.
You didn't know any spells.
Your spell library contained the following spells:

 Spells                   Type           Power      Damage    Failure   Level
 Gell's Gravitas          Tloc           0%         N/A       99%         3
 Teleport Other           Tloc           0%         N/A       99%         3
 Dispersal                Tloc           0%         N/A       100%        6


Dungeon Overview and Level Annotations

Branches:
Dungeon (2/15)

Altars:

Annotations:
D:2 Jessica


Innate Abilities, Weirdness & Mutations

You are immune to sickness and miasma.
Your stone body is resilient. (AC +3)
You are immune to poison.
You resist negative energy. (rN+)
You are resistant to electric shocks. (rElec)
You are resistant to unholy torment.
You are immune to petrification.


Message History

Unknown command.
You closely miss the adder.
The adder is lightly wounded.
The adder bites you but does no damage.
Jessica points at you and mumbles some strange words.
You barely resist. You block the adder's attack.
Unknown command.
You hit the adder.
The adder is moderately wounded.
The adder barely misses you.
Jessica gestures wildly while chanting.
Jessica blinks!
Unknown command.
You hit the adder.
The adder is severely wounded.
The adder bites you but does no damage.
Jessica zaps a wand.
The puff of flame hits you. You block the adder's attack.
Unknown command.
You hit the adder but do no damage.
The adder is severely wounded.
Jessica mumbles some strange words.
Jessica blinks!
The adder bites you but does no damage.
Unknown command.
You closely miss Jessica. You barely miss the adder.
The adder barely misses you. You block the adder's attack.
Jessica zaps a wand.
The puff of flame hits you.
* * * LOW HITPOINT WARNING * * *
Unknown command.
You hit Jessica.
Jessica is heavily wounded.
You hit the adder.
You kill the adder!
Jessica mumbles some strange words.
Jessica blinks!
Jessica points at you and mumbles some strange words.
Pain shoots through your body!
* * * LOW HITPOINT WARNING * * *
Unknown command.
Jessica zaps a wand.
The puff of flame hits you.
You die...

..........
.........#
.........
..#.....#
#########.......#
#.......#†......#
#<..........#
######....###
.......@..#
.#...##.#......
#... ..@.<....
#.. ..........
#.......#.....
........#.....
.......# ....
........# ..


You could see Jessica.

Vanquished Creatures
  An adder (D:2)
  A dart slug (D:1)
  4 ball pythons (D:1)
  4 endoplasms (D:1)
  A giant cockroach (D:1)
  2 goblins (D:1)
  3 hobgoblins (D:1)
  2 kobolds (D:1)
  4 bats (D:1)
  3 frilled lizards (D:1)
  2 rats (D:1)
27 creatures vanquished.

Notes
Turn   | Place    | Note
-------+----------+-------------------------------------------
     0 | D:1      | bande the Gargoyle Fighter began the quest for the Orb.
     0 | D:1      | Reached XP level 1. HP: 14/14 MP: 1/1
     9 | D:1      | Noticed a swamp worm
     9 | D:1      | Noticed a polar bear
     9 | D:1      | Noticed a komodo dragon
    10 | D:1      | Noticed a black mamba
    10 | D:1      | Noticed a hog
   173 | D:1      | Reached XP level 2. HP: 19/19 MP: 2/2
   319 | D:1      | Noticed a golden eye
   320 | D:1      | Found a faded altar of an unknown god.
   333 | D:1      | Reached XP level 3. HP: 15/23 MP: 3/3
   446 | D:1      | Noticed a golden eye
   453 | D:1      | Noticed a golden eye
   453 | D:1      | Noticed a golden eye
  1177 | D:2      | Noticed Jessica
  1192 | D:2      | Killed from afar by Jessica

Illustrated notes

Levels and vault maps discovered:
D:1:      onia_arrival_zoo_common, layout_basic,
          hellmonk_ecumenical_altar_watching_god, minivault_4
D:2:      layout_basic, basic_altar, uniq_natasha, uniq_jessica, uniq_terence

Skill      XL: |  1  2 |
---------------+-------+-----
Axes           | 2 |  2.2
Fighting       | |  3.7
Armour         | |  3.8
Shields        | |  3.6

Action                   || total
-------------------------++-------
Melee: War axe           ||    60
       Hand axe          ||    11
  Use: Scroll            ||     6
Armor: Scale mail        ||    28
Dodge: Dodged            ||    27
Block: Buckler           ||    14

Table legend: (Time is in decaauts)
 A = Elapsed time spent in this place.
 B = Non-inter-level travel time spent in this place.
 C = Inter-level travel time spent in this place.
 D = Time resting spent in this place.
 E = Time spent auto-exploring this place.
 F = Levels seen in this place.
 G = Mean time per level.
                   A        B        C        D        E       F      G
               +--------+--------+--------+--------+--------+-----+--------+
         Total |   1221 |   1221 |      0 |      0 |   1001 |   2 |  610.5 |
       Dungeon |   1221 |   1221 |      0 |      0 |   1001 |   2 |  610.5 |
               +--------+--------+--------+--------+--------+-----+--------+

Top non-repeatable levels by time:
     D:1: 1158 daAuts
     D:2: 62 daAuts
